 Dungeon Crawl Stone Soup version 0.28-a0-1143-gcf6077d4cc (webtiles) character file.

Game seed: 1532191053107366875

45 spaghetti the Sneak (level 3, -12/29 HPs)
             Began as a Mummy Delver on Dec 14, 2021.
             Was an Elder of Jiyva.
             Killed from afar by Blork the orc (16 damage)
             ... with a puff of flame
             ... on level 4 of the Dungeon.
             The game lasted 00:03:37 (2385 turns).

spaghetti the Sneak (Mummy Delver)                  Turns: 2385, Time: 00:03:38

Health: -12/29     AC:  6    Str: 17    XL:     3   Next: 42%
Magic:  3/3        EV: 11    Int:  9    God:    Jiyva [****..]
Gold:   125        SH:  0    Dex: 13    Spells: 2/2 levels left

rFire   x . .      SeeInvis .   m - +0 dagger (venom) {short}
rCold   + . .      Faith    .   (no shield)
rNeg    + + +      Spirit   .   b - +0 leather armour
rPois   ∞          Reflect  .   (no helmet)
rElec   .          Harm     .   (no cloak)
rCorr   +          Rampage  .   i - +1 pair of gloves
Will    .....                   k - +0 pair of boots
Stlth   ++........              (no amulet)
HPRegen 1.37/turn               g - ring of flight
MPRegen 0.48/turn               (no ring)

@: about to teleport, flying
A: cold resistance 1, negative energy resistance 3, torment resistance 2, heat
vulnerability 1, no potions
a: Renounce Religion, Oozemancy, Slimify


You were on level 4 of the Dungeon.
You worshipped Jiyva.
Jiyva was greatly pleased with you.
You visited 1 branch of the dungeon, and saw 5 of its levels.

You collected 125 gold pieces.


Innate Abilities, Weirdness & Mutations

You are immune to poison.
Your flesh is cold resistant. (rC+)
You are immune to negative energy. (rN+++)
You are immune to unholy pain and torment.
You are vulnerable to heat. (rF-)
You do not drink.


   Skills:
 - Level 3.0 Fighting
 + Level 1.9(2.5) Short Blades
 - Level 2.3(2.7) Long Blades
 - Level 1.5 Dodging
 - Level 4.1 Stealth


You had 2 spell levels left.
You didn't know any spells.
Your spell library contained the following spells:

 Spells                   Type           Power      Damage    Failure   Level
 Slow                     Hex            0%         N/A       45%         1
 Confusing Touch          Hex            0%         N/A       83%         3
 Vampiric Draining        Necr           0%         2d6       83%         3

Inventory:

Hand Weapons
 a - a +1 falchion {long}
 m - a +0 dagger of venom (weapon) {short}
   (You took it off a kobold on level 2 of the Dungeon)
Missiles
 e - 17 bolts
 h - 88 stones (quivered) {throwing}
 l - 2 javelins {throwing}
Armour
 b - a +0 leather armour (worn)
 i - a +1 pair of gloves (worn)
   (You found it on level 3 of the Dungeon)
 k - a +0 pair of boots (worn)
   (You found it on level 3 of the Dungeon)
Jewellery
 g - a ring of flight (left hand)
   (You found it on level 4 of the Dungeon)
Wands
 f - a wand of digging (3)
 n - a wand of mindburst (18)
   (You found it on level 4 of the Dungeon)
Scrolls
 c - 2 scrolls of fog
 j - a scroll of identify {@r1}

Dungeon Overview and Level Annotations

Branches:
Dungeon (5/15)             Temple (0/1) D:4

Altars:
Vehumet
Jiyva

Annotations:
D:4 Blork the orc

#.#.#.##.#.#. .#
#.#.#.##.#.#.
.###.#.#....#.#.
#.....#.+####..#.
#.....#.. ..#.
#......#### ##..
#####.J........
.. #...oo.......#
. #...@........#
#............#
#............#
#..##........#
#.# ##.......# #
#. ##......####
.# #
##........###.#
##............
##..........#


You could see Blork the orc (fast, very poisoned), an orc and a neutral jelly
(wandering) (fellow slime).


Message History

You reach down and open the door.
There is an open door here.
You hear a distant slurping noise.
You reach down and open the door.
There is an open door here.
You hear a distant slurping noise.
An orc comes into view. It is wielding a +0 mace.
Blork the orc shouts!
Blork the orc casts a spell.
Blork the orc seems to speed up.
You barely miss Blork the orc.
Blork the orc miscasts a cantrip.
You closely miss Blork the orc.
Blork the orc hits you with a +0 battleaxe.
The orc closely misses you. Blork the orc casts a spell at you.
The puff of flame misses you.
You hit Blork the orc. The orc completely misses you.
Blork the orc casts a cantrip, but nothing happens. 😕 HP[-3]
You take 3 damage, and now have 26/29 hp.
You barely miss Blork the orc.
Blork the orc hits you with a +0 battleaxe!
The orc barely misses you. 😮 HP[-7]
You take 7 damage, and now have 19/29 hp.
MASSIVE DAMAGE!! (PAUSE)
You hit Blork the orc.
Blork the orc is poisoned.
Blork the orc hits you with a +0 battleaxe.
The orc barely misses you.
Blork the orc points at you and mumbles some strange words.
The puff of frost hits you. You resist. 😮 HP[-3]
You take 3 damage, and now have 16/29 hp.
You hit Blork the orc. Blork the orc closely misses you.
The orc hits you with a +0 mace.
* * * LOW HITPOINT WARNING * * *
😨 HP[-3]
You take 3 damage, and now have 13/29 hp.
Unknown command.
Unknown command.
Unknown command.
Okay, then.
You can't drink.
Unknown command.
That's the wrong kind of item! (Use * to select it.) Evoke which item? (* to show all) (? for menu, Esc to quit)
Okay, then.
Unknown command.
That's the wrong kind of item! (Use * to select it.) Evoke which item? (* to show all) (? for menu, Esc to quit)
Okay, then.
Unknown command.
Activating: Oozemancy (5% risk of failure)
Press: ? - help, Dir - look around, f - activate Look: Blork the orc, wielding a +0 battleaxe and wearing a +0 robe (moderately wounded, fast, very poisoned)
Okay, then.
Aiming: Mindburst
Press: ? - help, Shift-Dir - straight line, f - Blork the orc
Aim: Blork the orc, wielding a +0 battleaxe and wearing a +0 robe (moderately wounded, fast, very poisoned, chance to affect: 65%) Blork the orc's mind is blasted!
Blork the orc gestures at you while chanting.
The magic dart hits you!
* * * LOW HITPOINT WARNING * * *
The orc hits you with a +0 mace!
* * * LOW HITPOINT WARNING * * *
😱 HP[-12]
You take 12 damage, and now have 1/29 hp.
MASSIVE DAMAGE!! (PAUSE) Unknown command.
Unknown command.
Aiming: Mindburst
Press: ? - help, Shift-Dir - straight line, f/p - Blork the orc
Aim: Blork the orc, wielding a +0 battleaxe and wearing a +0 robe (severely wounded, fast, very poisoned, chance to affect: 65%)
Okay, then.
Unknown command.
You can't drink.
Okay, then.
Unknown command.
You can't drink.
Unknown command.
Unknown command.
As you read the scroll labelled FOOHIOFAODD, it crumbles to dust.
You feel strangely unstable.
It was a scroll of teleportation.
Blork the orc closely misses you. Blork the orc barely misses you.
The orc hits you but does no damage. 😱 HP[+1] Unknown command.
Unknown command.
Unknown command.
Unknown command.
Okay, then.
Aiming: Mindburst
Press: ? - help, Shift-Dir - straight line, f/p - Blork the orc
Aim: Blork the orc, wielding a +0 battleaxe and wearing a +0 robe (severely wounded, fast, very poisoned, chance to affect: 65%) Blork the orc struggles to resist.
Blork the orc gestures at you while chanting.
The puff of flame hits you! The fire burns you terribly!
Ouch! That really hurt!
You die...

Skill      XL: |  1  2 |
---------------+-------+-----
Long Blades    | 2 |  2.3
Short Blades   | 1 |  1.9
Fighting       | |  3.0
Dodging        | |  1.5
Stealth        | |  4.1

Action                   || total
-------------------------++-------
Melee: Falchion          ||    23
       Dagger            ||    66
Evoke: Wand              ||     2
  Use: Scroll            ||     8
 Stab: Sleeping          ||     5
Armor: Leather armour    ||    25
Dodge: Dodged            ||    61

Levels and vault maps discovered:
D:1:      dpeg_arrival_oval, layout_basic, minmay_hexomino_r4
D:2:      layout_basic, serial_glass, glass_columns_b, glass_columns_a,
          hangedman_abyss_or_decor_lesser_grid
D:3:      layout_basic, dreamdust_ecumenical_altar_angels_and_demons
D:4:      layout_basic, regret_index_temple_of_mockery, zin_scriptorium,
          minmay_temple_entry_offerings, minivault_11, uniq_blork_the_orc
D:5:      layout_basic, st_stairs_6, small_statue_intersection, uniq_edmund,
          uniq_crazy_yiuf_cottage

Notes
Turn   | Place    | Note
-------+----------+-------------------------------------------
     0 | D:5      | spaghetti the Mummy Delver began the quest for the Orb.
     0 | D:5      | Reached XP level 1. HP: 18/18 MP: 1/1
     0 | D:5      | magus.rc [v1.9.6]
    72 | D:5      | Noticed a necrophage
    77 | D:4      | Noticed Blork the orc
   147 | D:3      | Found a faded altar of an unknown god.
   147 | D:3      | HP: 3/18 [orc (5)]
   155 | D:3      | Prayed at the altar of an unknown god.
   155 | D:3      | Became a worshipper of Jiyva Jaujuge the Shapeless
   155 | D:3      | Reached * piety under Jiyva
   187 | D:3      | Reached skill level 2 in Long Blades
   591 | D:2      | Reached XP level 2. HP: 24/24 MP: 2/2
   625 | D:2      | Reached ** piety under Jiyva
  1197 | D:2      | Reached *** piety under Jiyva
  1432 | D:1      | Reached skill level 1 in Short Blades
  1437 | D:1      | Found a radiant altar of Vehumet.
  1715 | D:1      | Reached XP level 3. HP: 29/29 MP: 3/3
  1857 | D:1      | Reached **** piety under Jiyva
  2164 | D:4      | Found a staircase to the Ecumenical Temple.
  2173 | D:4      | You pick up a book of Debilitation and begin reading...
  2173 | D:4      | You add the spells Slow, Vampiric Draining and Confusing
                  | Touch to your library.
  2383 | D:4      | HP: 1/29 [orc (7)]
  2385 | D:4      | Killed from afar by Blork the orc

Vanquished Creatures
  An adder (D:4)
  A dart slug (D:1)
  2 orcs
  3 ball pythons
  2 giant cockroaches (D:1)
  2 goblins
  A hobgoblin (D:2)
  4 jackals (D:1)
  7 kobolds
  A quokka (D:1)
  3 bats (D:1)
  3 frilled lizards (D:1)
  2 rats (D:1)
32 creatures vanquished.

Vanquished Creatures (others)
  2 dart slugs
  A bat (D:1)
  An endoplasm (D:4)
  A quokka (D:2)
  A goblin (D:1)
  A kobold (D:1)
  A rat (D:1)
8 creatures vanquished.

Grand Total: 40 creatures vanquished

Table legend:
 A = Non-vault XP
 B = Vault XP
 C = Vault XP percentage of total XP
 D = Non-vault monster count
 E = Vault monster count
 F = Vault count percentage of total count
                 A         B        C        D         E       F
            +---------+---------+-------+---------+---------+-------
      Total |      60 |       5 |   7.7 |      30 |       2 |   6.2
            +---------+---------+-------+---------+---------+-------
        D:1 |      25 |       5 |  16.7 |      17 |       2 |  10.5
        D:2 |       4 |       0 |   0.0 |       3 |       0 |   0.0
        D:3 |      10 |       0 |   0.0 |       5 |       0 |   0.0
        D:4 |      21 |       0 |   0.0 |       5 |       0 |   0.0
            +---------+---------+-------+---------+---------+-------

Illustrated notes

Table legend:
 A = Kills in this place as a percentage of kills in entire the game.
 B = Kills by you in this place as a percentage of kills by you in the entire game.
 C = Kills by friends in this place as a percentage of kills by friends in the entire game.
 D = Other kills in this place as a percentage of other kills in the entire game.
 E = Experience gained in this place as a percentage of experience gained in the entire game.
 F = Experience gained in this place divided by the number of levels of this place that you have seen.
                   A       B       C       D       E      F
               +-------+-------+-------+-------+-------+----------------------
         Total | 100.0 | 100.0 |   N/A |   N/A | 100.0 |  13.0
       Dungeon | 100.0 | 100.0 |   N/A |   N/A | 100.0 |  13.0
               +-------+-------+-------+-------+-------+----------------------

Table legend: (Time is in decaauts)
 A = Elapsed time spent in this place.
 B = Non-inter-level travel time spent in this place.
 C = Inter-level travel time spent in this place.
 D = Time resting spent in this place.
 E = Time spent auto-exploring this place.
 F = Levels seen in this place.
 G = Mean time per level.
                   A        B        C        D        E       F      G
               +--------+--------+--------+--------+--------+-----+--------+
         Total |   2385 |   2253 |    132 |      4 |   1949 |   5 |  477.0 |
       Dungeon |   2385 |   2253 |    132 |      4 |   1949 |   5 |  477.0 |
               +--------+--------+--------+--------+--------+-----+--------+

Top non-repeatable levels by time:
     D:2: 883 daAuts
     D:1: 597 daAuts
     D:3: 441 daAuts
     D:4: 388 daAuts
     D:5: 74 daAuts
